 Dungeon Crawl Stone Soup version 0.24-a0-201-gf205589 (console) character file.

Game seed: 10071690683714986091

212 bli the Ducker (level 5, -9/45 HPs)
             Began as a Draconian Fighter on Mar 25, 2019.
             Mangled by an ogre
             ... wielding a +0 giant club
              (15 damage)
             ... on level 4 of the Dungeon.
             The game lasted 00:07:41 (2566 turns).

bli the Ducker (Draconian Fighter)                  Turns: 2566, Time: 00:07:42

Health: -9/45      AC:  5    Str: 18    XL:     5   Next: 58%
Magic:  5/5        EV: 12    Int:  9    God:
Gold:   127        SH:  9    Dex: 11    Spells: 4/4 levels left

rFire    . . .     SeeInvis .   a - +0 long sword
rCold    . . .     Gourm    .   b - +0 shield
rNeg     + . .     Faith    .   (armour unavailable)
rPois    .         Spirit   .   (helmet restricted)
rElec    .         Reflect  .   (no cloak)
rCorr    +         Harm     .   (no gloves)
MR       .....                  (no boots)
Stlth    +.........             (no amulet)
HPRegen  0.15/turn              n - ring of positive energy
MPRegen  0.09/turn              t - ring of resist corrosion

@: no status effects
A: unfitting armour, cold-blooded, AC +5
a: no special abilities


You were on level 4 of the Dungeon.
You were hungry.

You visited 1 branch of the dungeon, and saw 5 of its levels.

You collected 127 gold pieces.

Inventory:

Hand Weapons
 a - a +0 long sword (weapon)
 e - a +0 hunting sling
 s - a +0 hunting sling
Missiles
 l - 127 stones (quivered)
 u - 6 tomahawks
 x - 12 poisoned needles
Armour
 b - a +0 shield (worn)
Jewellery
 n - a ring of positive energy (left hand)
 t - a ring of resist corrosion (right hand)
Wands
 y - a wand of random effects (14)
Scrolls
 f - 4 scrolls of remove curse {unknown}
 h - 3 scrolls of teleportation {unknown}
 i - a scroll of blinking {unknown}
 o - a scroll of identify {unknown}
 q - a scroll of immolation {unknown}
 r - a scroll of enchant weapon {unknown}
Potions
 c - a potion of might
 g - a potion of magic {unknown}
 j - a potion of heal wounds {unknown}
 k - a potion of agility {unknown}
 m - 2 potions of mutation {unknown}
 p - 2 potions of curing
 w - 2 potions of resistance {unknown}
 z - a potion of cancellation {unknown}
 A - a potion of lignification {unknown}
Comestibles
 d - 4 rations


   Skills:
 - Level 3.2 Fighting
 + Level 3.3 Long Blades
 * Level 5.2 Dodging
 - Level 3.0 Shields


You had 4 spell levels left.
You didn't know any spells.
Your spell library was empty.

Dungeon Overview and Level Annotations

Branches:
Dungeon (5/15)
 Temple: D:4-7

Altars:
Hepliaklqana


Innate Abilities, Weirdness & Mutations

Your plain brown scales are hard. (AC +5)
You cannot fit into any form of body armour.
You are cold-blooded and may be slowed by cold attacks.


Message History

All of the chunks of flesh in your inventory have rotted away.
You are feeling hungry.
You start resting.
HP restored.
You climb upwards.
There is a stone staircase leading down here.
Unknown command.
Evoke which item? (* to show all) (? for menu, Esc to quit)
Aiming: Random Effects
Press: ? - help, Shift-Dir - straight line, f - ogre
Aim: an ogre, wielding a +0 giant club The ogre flickers and vanishes!
Deactivating autopickup; reactivate with Ctrl-A.
You hit something but do no damage. Something hits you!
You closely miss something. Something hits you!!
Ouch! That really hurt!
Something hits you!
* * * LOW HITPOINT WARNING * * *
You closely miss something. Something hits you!
You die...

### ####### #.## ##...... #..#
##### ##....... #..######...##
#####........ ##....##[....##
###............
#..#..)......####...###........
##..##[...........### #........
##.##........##### #........
#.........#.## #........
####(......{@# #.....>..
###.......#.# #....)..#
..........#.# ##.....##
...........##.# #.......#
.........$.###.# #....._.#
........#### #.. ...........
.......>. ... ####.....##
......O.# ### ##...## ... #####
.


There were no monsters in sight!

Vanquished Creatures
  A bullfrog zombie (D:5)
  2 orc priests
  A worker ant (D:4)
  2 adders (D:2)
  A worm (D:2)
  A dart slug (D:1)
  A leopard gecko (D:1)
  8 orcs
  2 ball pythons
  5 bats
  4 goblins
  6 hobgoblins (D:2)
  11 jackals
  4 kobolds
  3 quokkas (D:3)
  3 frilled lizards
  9 rats
64 creatures vanquished.

Notes
Turn   | Place    | Note
-------+----------+-------------------------------------------
     0 | D:1      | bli the Draconian Fighter began the quest for the Orb.
     0 | D:1      | Reached XP level 1. HP: 19/19 MP: 1/1
    93 | D:1      | Reached skill level 3 in Dodging
   101 | D:1      | Reached XP level 2. HP: 14/26 MP: 2/2
  1078 | D:2      | Reached XP level 3. HP: 28/31 MP: 3/3
  1223 | D:2      | Reached skill level 4 in Dodging
  1223 | D:2      | Reached XP level 4. HP: 22/38 MP: 4/4
  2158 | D:3      | You fall through a shaft!
  2162 | D:4      | Found a hazy altar of Hepliaklqana.
  2214 | D:4      | Reached XP level 5. HP: 34/45 MP: 5/5
  2273 | D:4      | Reached skill level 5 in Dodging
  2280 | D:4      | Noticed an ogre
  2288 | D:5      | Entered Level 5 of the Dungeon
  2566 | D:4      | Mangled by an ogre

Levels and vault maps discovered:
D:1:      dpeg_arrival_tiny_f, layout_loops_corners
D:2:      layout_loops_cross, first_ration
D:3:      layout_basic, uniq_terence
D:4:      layout_rooms, overflow_temple_1_default, nemelex_dance_club_becter,
          uniq_ijyb
D:5:      layout_loops_ring

Skill      XL: |  1  2  3  4  5 |
---------------+----------------+-----
Dodging        | 3 4 5 |  5.2
Long Blades    | 3 |  3.3
Fighting       | |  3.2
Shields        | |  3.0

Action                   |  1- 3 |  4- 6 || total
-------------------------+-------+-------++-------
Melee: Long sword        |    63 |   136 ||   199
       Tailslap          |     5 |    18 ||    23
Throw: Stone             |     1 |       ||     1
Evoke: Wand              |       |     1 ||     1
  Use: Potion            |       |     1 ||     1
 Stab: Sleeping          |     1 |     1 ||     2
  Eat: Chunk             |     1 |     4 ||     5
Armor: Skin              |    27 |    28 ||    55
Dodge: Dodged            |    42 |    61 ||   103
Block: Shield            |    42 |    80 ||   122
       Rpst.: Long sword |    11 |    17 ||    28

Table legend:
 A = Non-vault XP
 B = Vault XP
 C = Vault XP percentage of total XP
 D = Non-vault monster count
 E = Vault monster count
 F = Vault count percentage of total count
                 A         B        C        D         E       F
            +---------+---------+-------+---------+---------+-------
      Total |     304 |       0 |   0.0 |      64 |       0 |   0.0
            +---------+---------+-------+---------+---------+-------
        D:1 |      37 |       0 |   0.0 |      21 |       0 |   0.0
        D:2 |     114 |       0 |   0.0 |      25 |       0 |   0.0
        D:3 |      21 |       0 |   0.0 |      11 |       0 |   0.0
        D:4 |      85 |       0 |   0.0 |       6 |       0 |   0.0
        D:5 |      47 |       0 |   0.0 |       1 |       0 |   0.0
            +---------+---------+-------+---------+---------+-------
